 Dungeon Crawl Stone Soup version 0.27-a0-13-g87abb2d9eb (webtiles) character file.

Game seed: 11522081133280945512

2493 voltaire321 the Shield-Bearer (level 9, -13/81 HPs)
             Began as a Deep Dwarf Fighter on Jan 3, 2021.
             Was an Elder of Elyvilon.
             Mangled by a death yak (18 damage)
             ... on level 7 of the Dungeon.
             The game lasted 00:27:00 (5731 turns).

voltaire321 the Shield-Bearer (Deep Dwarf Fighter)  Turns: 5731, Time: 00:27:00

Health: -13/81     AC: 15    Str: 22    XL:     9   Next: 27%
Magic:  9/9        EV:  7    Int:  9    God:    Elyvilon [****..]
Gold:   219        SH: 11    Dex: 13    Spells: 7/8 levels left

rFire    . . .     SeeInvis .   a - +1 war axe
rCold    . . .     Faith    .   c - +0 kite shield
rNeg     . . .     Spirit   .   y - +0 plate armour
rPois    .         Reflect  .   (no helmet)
rElec    .         Harm     .   n - +0 cloak
rCorr    .         Rampage  .   t - +0 pair of gloves
Will     +....                  (no boots)
Stlth    ..........             (no amulet)
HPRegen  0.00/turn              (no ring)
MPRegen  0.11/turn              (no ring)

@: non-regenerating
A: damage resistance, heal wounds, sense surroundings 2, no regeneration
a: Heal Wounds, Renounce Religion, Lesser Healing, Heal Other, Purification,
Greater Healing, Divine Protection


You were on level 7 of the Dungeon.
You worshipped Elyvilon.
Elyvilon was greatly pleased with you.
You visited 1 branch of the dungeon, and saw 8 of its levels.
You also visited: Ossuary.

You collected 611 gold pieces.
You spent 392 gold pieces at shops.

Inventory:

Hand Weapons
 a - a +1 war axe (weapon)
Missiles
 s - 49 poisoned darts (quivered)
 u - 3 javelins
Armour
 c - a +0 kite shield (worn)
 n - a +0 cloak (worn)
 t - a +0 pair of gloves (worn)
 y - a +0 plate armour (worn)
Jewellery
 i - an uncursed ring of stealth {unknown}
 v - a cursed ring of teleportation {unknown}
 x - a cursed ring of attention {unknown}
 A - an uncursed amulet of faith
Wands
 z - a wand of acid (17)
 H - a wand of digging (3)
Scrolls
 e - 5 scrolls of enchant weapon
 f - a scroll of random uselessness {unknown}
 g - a scroll of magic mapping {unknown}
 j - a scroll of identify
 k - 2 scrolls of amnesia
 l - a scroll of fear {unknown}
 m - 7 scrolls of teleportation
 p - a scroll of blinking {unknown}
 w - 2 scrolls of enchant armour {unknown}
 B - a scroll of fog {unknown}
Potions
 b - a potion of berserk rage
 d - 3 potions of might
 h - 4 potions of flight
 o - 2 potions of mutation {unknown}
 q - 7 potions of curing
 r - 3 potions of brilliance {unknown}
 C - a potion of haste {unknown}
 D - 2 potions of heal wounds {unknown}
 E - a potion of invisibility {unknown}
 F - a potion of magic {unknown}
 G - 3 potions of ambrosia {unknown}


   Skills:
 + Level 5.6 Fighting
 + Level 6.2 Axes
 + Level 6.7 Armour
 - Level 5.0 Dodging
 + Level 6.7 Shields
 + Level 4.0 Invocations
 + Level 3.8 Evocations


You had 7 spell levels left.
You knew the following spells:

 Your Spells              Type           Power        Failure   Level
a - Apportation           Tloc           0%           100%        1

Your spell library contained the following spells:

 Spells                   Type           Power        Failure   Level
 Beastly Appendage        Tmut           0%           100%        1
 Summon Small Mammal      Summ           0%           100%        1
 Wereblood                Tmut           0%           100%        2
 Spider Form              Tmut/Pois      0%           100%        3
 Ice Form                 Ice/Tmut       0%           100%        4
 Blade Hands              Tmut           0%           100%        5


Dungeon Overview and Level Annotations

Branches:
Dungeon (8/15)             Temple (0/1) D:4            Lair (0/6) D:8
Ossuary (visited)

Altars:
Dithmenos
Elyvilon
Hepliaklqana
Makhleb
Nemelex Xobeh
Okawaru
Sif Muna
Trog
Uskayaw
Wu Jian
Yredelemnul

Shops:
D:7 }

Annotations:
D:5 2 transporters


Innate Abilities, Weirdness & Mutations

You are resistant to damage.
You can heal yourself by infusing magical energy.
You passively map the area around you.
You do not regenerate.


Message History

The death yak gores you.
You slash the death yak!
The death yak is heavily wounded.
The death yak closely misses you. You block the death yak's attack.
You hit the death yak but do no damage.
The death yak is heavily wounded.
The death yak gores you!
* * * LOW HITPOINT WARNING * * *
You hit the death yak but do no damage.
The death yak is heavily wounded.
You block the death yak's attack.
You hit the death yak but do no damage.
The death yak is heavily wounded.
The death yak gores you but does no damage.
You slash the death yak!
The death yak is heavily wounded.
The death yak gores you!
* * * LOW HITPOINT WARNING * * *
The death yak gores you!!
You die...

'.....⌠.⌠........#.# #.
#######.####.#...#.# #####.
...........#.##..#.# #.....
#.###....#.#.##..#.# #.####
#.# #.#..#...##..#.# #.# #.#
#.#..######..#.# #.# #.#
#.#..........#.# #.#### #.#
#.#.#######.Y#.##### #.....
#<# #.#.........@......#
######
#####.############.###.# #
#...........# #.# #.# #
#.###.#####.##########.# #
#.###.##.##..........#.#######
#
#.#....#.....................#
#
#.#.#..#.###########.#.#####.#
#
#.#.#..#.#....######.<.....#.#
#
#.#.#..#.#.##.........####.#.#
#


You could see a death yak.

Vanquished Creatures
  An orc warrior (D:4)
  An ice beast (D:7)
  A sky beast (D:7)
  4 centaurs
  3 phantoms
  4 ogres
  A scorpion (D:7)
  3 wights (D:6)
  A howler monkey (D:6)
  A vampire bat (D:4)
  A quasit (D:7)
  2 centaur zombies
  3 hounds
  2 bullfrog skeletons (D:4)
  3 orc priests (D:3)
  An iguana (D:4)
  7 orc wizards
  7 worker ants
  2 big kobold zombies (Ossuary)
  A hound zombie (D:7)
  A hound skeleton (D:5)
  8 mummies (Ossuary)
  2 worker ant zombies (D:6)
  4 adders
  2 white imps (D:7)
  An ooze (D:1)
  An adder zombie (D:5)
  An adder skeleton (D:5)
  A worm (D:2)
  2 dart slugs
  6 leopard geckos
  11 orcs
  A giant cockroach (D:5)
  6 goblins
  6 hobgoblins
  12 jackals
  2 ball pythons
  16 bats
  A frilled lizard (D:3)
  A giant cockroach zombie (D:6)
  A hobgoblin zombie (Ossuary)
  4 kobolds
  3 kobold zombies (Ossuary)
  2 orc zombies (Ossuary)
  A quokka zombie (D:7)
  6 rats
151 creatures vanquished.

Vanquished Creatures (others)
  A giant cockroach (D:5)
  3 plants
4 creatures vanquished.

Grand Total: 155 creatures vanquished

Notes
Turn   | Place    | Note
-------+----------+-------------------------------------------
     0 | D:1      | voltaire321 the Deep Dwarf Fighter began the quest for the
                  | Orb.
     0 | D:1      | Reached XP level 1. HP: 20/20 MP: 1/1
   132 | D:1      | Reached XP level 2. HP: 27/27 MP: 2/2
   610 | D:2      | Reached skill level 1 in Dodging
   870 | D:2      | Reached XP level 3. HP: 31/34 MP: 3/3
  1446 | D:3      | Found a hide-covered altar of Uskayaw.
  1566 | D:3      | Noticed a phantom
  1593 | D:3      | Killed a phantom
  1594 | D:3      | Reached XP level 4. HP: 36/42 MP: 4/4
  1648 | D:3      | Found a white marble altar of Elyvilon.
  1683 | D:3      | Reached XP level 5. HP: 40/49 MP: 5/5
  1976 | D:3      | Reached XP level 6. HP: 35/56 MP: 6/6
  2056 | D:3      | Became a worshipper of Elyvilon the Healer
  2627 | D:4      | Found a staircase to the Ecumenical Temple.
  2711 | D:4      | Found a shimmering blue altar of Sif Muna.
  2715 | D:4      | Reached XP level 7. HP: 59/64 MP: 7/7
  2718 | D:4      | Identified Sif Muna's Compendium of the Supportive Compass
  2729 | D:4      | Reached skill level 5 in Armour
  2729 | D:4      | Reached skill level 5 in Shields
  2743 | D:4      | Found a bloodstained altar of Trog.
  2779 | D:4      | Found a basalt altar of Yredelemnul.
  2954 | D:5      | Entered Level 5 of the Dungeon
  2994 | D:5      | Reached * piety under Elyvilon
  3065 | D:5      | Found a transporter.
  3093 | D:5      | Reached skill level 5 in Axes
  3105 | D:5      | Found a sand-covered staircase.
  3120 | D:5      | Reached XP level 8. HP: 56/73 MP: 8/8
  3121 | Ossuary  | Entered an ossuary
  3416 | D:5      | Reached ** piety under Elyvilon
  3426 | D:5      | Found a transporter.
  3457 | D:5      | Reached skill level 1 in Invocations
  3563 | D:5      | Found an iron altar of Okawaru.
  3565 | D:5      | Found a burning altar of Makhleb.
  3876 | D:6      | Reached skill level 1 in Evocations
  4063 | D:6      | Found a shadowy altar of Dithmenos.
  4067 | D:6      | Found a hazy altar of Hepliaklqana.
  4204 | D:6      | Reached skill level 5 in Fighting
  4262 | D:6      | Reached *** piety under Elyvilon
  4320 | D:6      | Reached skill level 5 in Dodging
  4352 | D:6      | Found a sparkling altar of Nemelex Xobeh.
  4683 | D:7      | Found Owogaowu's Gadget Emporium.
  4691 | D:7      | Bought a wand of acid (10) for 392 gold pieces
  4770 | D:7      | Gained mutation: You passively map the area around you.
                  | [Deep Dwarf growth]
  4770 | D:7      | Reached XP level 9. HP: 44/81 MP: 9/9
  5051 | D:7      | Found an ornate altar of the Wu Jian Council.
  5103 | D:7      | Reached **** piety under Elyvilon
  5357 | D:7      | Found a shadowy altar of Dithmenos.
  5561 | D:7      | Learned a level 1 spell: Apportation
  5692 | D:8      | Found a staircase to the Lair.
  5692 | D:8      | Noticed a death yak
  5731 | D:7      | Mangled by a death yak

Illustrated notes

Levels and vault maps discovered:
D:1:      evilmike_arrival_grusome_pit, layout_rooms, dk_noncrumbling_2,
          kennysheep_decorative_pillar, minmay_statues_item
D:2:      layout_loops_ring, serial_bayou, serial_bayou_lagoon_a,
          serial_bayou_lagoon_b, serial_bayou_shore_b, serial_bayou_pond_b
D:3:      layout_basic, eat_drink_and_be_merry_uskayaw, elyvilon_altar_5,
          grunt_ministairs_4
D:4:      layout_rooms, nzn_overflow_gifts_of_might_and_magic,
          general_overflow_altar, temple_green, roderic_batcave
D:5:      layout_cave_pools, gammafunk_temple_overflow_arena,
          nicolae_ossuary_entry_ruins, minmay_a_box_with_orc_wizards_in_it
D:6:      layout_basic, riverfiend_overflow_shadow_ancestor, basic_altar
D:7:      layout_basic, nicolae_overflow_crystal_walls, serial_shops,
          shop_fountains, serial_bayou_ford_a, grunt_dithmenos_shadows
D:8:      layout_gridville, nicolae_ru_path_of_blood, lemuel_round_altar,
          david_lair_generic, serial_shops, nicolae_shop_trees

Skill      XL: |  1  2  3  4  5  6  7  8  9 |
---------------+----------------------------+-----
Dodging        | 1 2 3 4 5 |  5.0
Fighting       | 3 4 5 |  5.6
Axes           | 3 4 5 6 |  6.2
Armour         | 4 5 6 |  6.7
Shields        | 4 5 6 |  6.7
Invocations    | 3 4 |  4.0
Evocations     | 2 3 |  3.8

Action                   |  1- 3 |  4- 6 |  7- 9 || total
-------------------------+-------+-------+-------++-------
Melee: War axe           |   123 |   144 |   367 ||   634
Throw: Dart              |     2 |       |     3 ||     5
Invok: Lesser Healing    |       |       |     3 ||     3
       Greater Healing   |       |       |     1 ||     1
 Abil: Heal Wounds       |       |     3 |     4 ||     7
  Use: Scroll            |       |     4 |     4 ||     8
Armor: Scale mail        |    53 |     9 |       ||    62
       Chain mail        |       |    88 |       ||    88
       Plate armour      |       |       |   197 ||   197
Dodge: Dodged            |    35 |    59 |    92 ||   186
Block: Kite shield       |    64 |   103 |   198 ||   365

Table legend: (Time is in decaauts)
 A = Elapsed time spent in this place.
 B = Non-inter-level travel time spent in this place.
 C = Inter-level travel time spent in this place.
 D = Time resting spent in this place.
 E = Time spent auto-exploring this place.
 F = Levels seen in this place.
 G = Mean time per level.
                   A        B        C        D        E       F      G
               +--------+--------+--------+--------+--------+-----+--------+
         Total |   5998 |   5856 |    142 |    120 |   3212 |   9 |  666.4 |
       Dungeon |   5743 |   5601 |    142 |    120 |   3166 |   8 |  717.9 |
       Ossuary |    254 |    254 |      0 |      0 |     46 |   1 |  254.0 |
               +--------+--------+--------+--------+--------+-----+--------+

Top non-repeatable levels by time:
     D:3: 1142 daAuts
     D:7: 1014 daAuts
     D:6: 936 daAuts
     D:2: 918 daAuts
     D:5: 588 daAuts
     D:4: 532 daAuts
     D:1: 524 daAuts
 Ossuary: 254 daAuts
     D:8: 85 daAuts
